 Dungeon Crawl Stone Soup version 0.29-a0-234-g0dae59b3db (webtiles) character file.

Game seed: 14894023157641567900

18 HotDog the Skirmisher (level 2, -2/27 HPs)
             Began as a Hill Orc Fighter on Mar 2, 2022.
             Succumbed to an adder's poison
             ... on level 2 of the Dungeon.
             The game lasted 00:00:51 (858 turns).

HotDog the Skirmisher (Hill Orc Fighter)             Turns: 858, Time: 00:00:52

Health: -2/27      AC:  6    Str: 18    XL:     2   Next: 70%
Magic:  2/2        EV:  9    Int:  8    God:
Gold:   43         SH:  4    Dex: 10    Spells: 1/1 levels left

rFire   . . .      SeeInvis .   a - +0 war axe
rCold   . . .      Faith    .   c - +0 buckler
rNeg    . . .      Spirit   .   b - +0 scale mail
rPois   .          Reflect  .   (no helmet)
rElec   .          Harm     .   (no cloak)
rCorr   .          Rampage  .   (no gloves)
Will    .....                   (no boots)
Stlth   ..........              (no amulet)
HPRegen 0.09/turn               (no ring)
MPRegen 0.08/turn               (no ring)

@: lethally poisoned (-2 -> -16)
A: no striking features
a: no special abilities


You were on level 2 of the Dungeon.
You visited 1 branch of the dungeon, and saw 2 of its levels.

You collected 43 gold pieces.

Inventory:

Hand Weapons
 a - a +0 war axe (weapon)
Armour
 b - a +0 scale mail (worn)
 c - a +0 buckler (worn)
 l - a +0 chain mail
Scrolls
 e - 2 scrolls of fear {unknown}
 f - a scroll of enchant armour {unknown}
 g - a scroll of teleportation {unknown}
 h - a scroll of torment {unknown}
 i - a scroll of identify {unknown}
 k - a scroll of fog {unknown}
Potions
 d - a potion of might
 j - 2 potions of curing {unknown}


   Skills:
 * Level 3.9 Fighting
 * Level 3.0 Axes
 * Level 3.5 Armour
 * Level 0.2 Dodging
 * Level 3.4 Shields
 * Level 1.1 Invocations


You had one spell level left.
You didn't know any spells.
Your spell library contained the following spells:

 Spells                   Type           Power      Damage    Failure   Level
 Cause Fear               Hex            0%         N/A       100%        4
 Dragon Form              Tmut           0%         N/A       100%        7
 Dragon's Call            Summ           0%         N/A       100%        9


Dungeon Overview and Level Annotations

Branches:
Dungeon (2/15)

Altars:


Message History

The adder bites you but does no damage. You block the adder's attack.
The hobgoblin closely misses you. The adder bites you.
You are poisoned.
The adder poisons you!
There is a stone staircase leading down, spattered with blood here.
You hit the adder.
The adder is moderately wounded.
You hit the hobgoblin.
You kill the hobgoblin!
You feel sick. The adder bites you. x2
Your Invocations skill increases to level 1!
You hit the adder but do no damage.
The adder is moderately wounded.
You hit the hobgoblin but do no damage.
You feel sick. You block the hobgoblin's attack. The adder bites you.
You are more poisoned.
The adder poisons you!
The hobgoblin hits you but does no damage.
The rat barely misses you. The adder bites you.
You are too injured to fight recklessly!
You slash the hobgoblin!
You kill the hobgoblin!
You miss the adder. You closely miss the rat.
You feel very sick. The adder bites you.
You are lethally poisoned!
The adder poisons you! You block the rat's attack.
You are too injured to fight recklessly!
* * * LOW HITPOINT WARNING * * *
You feel sick. The adder bites you.
* * * LOW HITPOINT WARNING * * *
You are more poisoned.
The adder poisons you! The rat bites you but does no damage.
The adder bites you.
* * * LOW HITPOINT WARNING * * *
You are too injured to fight recklessly!
You miss the adder.
The adder is moderately wounded.
You barely miss the rat.
You die...

#.. ..# #.# ..# #.#
..########.# ######
..#......#.# #.)..
.##.####.#.# #..#### .#
..#.####.#.####..#..#..##
.................S†......
......##.#.####.@>....$##
.#....##.#.#####r####..#
##.............#... .#
##.#..#).#.###.#####
...........#
.#.####.....#
....####.##.# ........)#
.# ....####.....


You could see an adder and a rat.

Vanquished Creatures
  A dart slug (D:1)
  2 ball pythons (D:1)
  2 endoplasms
  A giant cockroach (D:1)
  3 hobgoblins
  A bat (D:1)
  A frilled lizard (D:1)
  2 kobolds
  2 rats (D:1)
15 creatures vanquished.

Vanquished Creatures (others)
  A plant (D:1)
1 creature vanquished.

Grand Total: 16 creatures vanquished

Notes
Turn   | Place    | Note
-------+----------+-------------------------------------------
     0 | D:1      | HotDog the Hill Orc Fighter began the quest for the Orb.
     0 | D:1      | Reached XP level 1. HP: 19/19 MP: 1/1
   409 | D:1      | Reached XP level 2. HP: 27/27 MP: 2/2
   444 | D:1      | Found a faded altar of an unknown god.
   855 | D:2      | Reached skill level 1 in Invocations
   858 | D:2      | Succumbed to an adder's poison

Illustrated notes

Levels and vault maps discovered:
D:1:      sevenhm_arrival_forest_fort_large_2, layout_rooms,
          dreamdust_ecumenical_altar_grove, corexii_corridor_pit
D:2:      layout_loops_cross, chequers_hall_statues_wall_a

Skill      XL: |  1  2 |
---------------+-------+-----
Axes           | 3 |  3.0
Invocations    | 1 |  1.1
Fighting       | |  3.9
Armour         | |  3.5
Dodging        | |  0.2
Shields        | |  3.4

Action                   || total
-------------------------++-------
Melee: War axe           ||    34
Armor: Scale mail        ||    13
Dodge: Dodged            ||    22
Block: Buckler           ||     8

Table legend: (Time is in decaauts)
 A = Elapsed time spent in this place.
 B = Non-inter-level travel time spent in this place.
 C = Inter-level travel time spent in this place.
 D = Time resting spent in this place.
 E = Time spent auto-exploring this place.
 F = Levels seen in this place.
 G = Mean time per level.
                   A        B        C        D        E       F      G
               +--------+--------+--------+--------+--------+-----+--------+
         Total |    871 |    802 |     69 |      0 |    669 |   2 |  435.5 |
       Dungeon |    871 |    802 |     69 |      0 |    669 |   2 |  435.5 |
               +--------+--------+--------+--------+--------+-----+--------+

Top non-repeatable levels by time:
     D:1: 776 daAuts
     D:2: 94 daAuts
